 Dungeon Sprint DCSS version 0.27-a0-1116-g91b3acb402 (webtiles) character file.

Game seed: 4218611164779235720

61 Zeld the Skirmisher (level 4, -8/35 HPs)
             Began as an Octopode Fighter on May 1, 2021.
             Mangled by a water elemental (18 damage)
             ... in the Dungeon (Sprint III: "The Ten Rune Challenge").
             The game lasted 00:00:32 (400 turns).

Zeld the Skirmisher (Octopode Fighter)               Turns: 400, Time: 00:00:33

Health: -8/35      AC:  1    Str: 16    XL:     4   Next: 7%
Magic:  4/4        EV: 11    Int: 10    God:
Gold:   23         SH:  9    Dex: 11    Spells: 3/3 levels left

rFire    . . .     SeeInvis .   a - +0 war axe
rCold    . . .     Faith    .   b - +0 kite shield
rNeg     . . .     Spirit   .   (helmet restricted)
rPois    .         Reflect  .   (no amulet)
rElec    .         Harm     .   (no ring)
rCorr    .         Rampage  .   (no ring)
Will     .....     NoTele   +   (no ring)
Stlth    ++........             (no ring)
HPRegen  0.11/turn              (no ring)
MPRegen  0.09/turn              (no ring)
                                (no ring)
                                (no ring)

@: mighty, engulfed
A: almost no armour, amphibious, 8 rings, camouflage 1, gelatinous body 1,
(nimble swimmer 1), tentacles
a: no special abilities


You were in the Dungeon.
You visited 1 branch You collected 23 gold pieces.

Inventory:

Hand Weapons
 a - a +0 war axe (weapon)
Armour
 b - a +0 kite shield (worn)
Scrolls
 i - a scroll of blinking
 j - 2 scrolls of torment {unknown}
 k - 3 scrolls of identify
Potions
 d - a potion of curing
 e - a potion of heal wounds
 f - a potion of haste
 g - 2 potions of magic
 h - a potion of berserk rage
 l - 5 potions of flight


   Skills:
 * Level 5.2 Fighting
 * Level 4.7 Axes
 - Level 3.0 Dodging
 * Level 5.2 Shields


You had 3 spell levels left.
You didn't know any spells.
Your spell library was empty.

Dungeon Overview and Level Annotations

Branches:
Dungeon (1/1)

Altars:


Innate Abilities, Weirdness & Mutations

You cannot wear most types of armour.
You are amphibious.
You can wear up to eight rings at the same time.
Your skin changes colour to match your surroundings (Stealth+).
Your rubbery body absorbs attacks. (AC +1, EV +1)
((You are camouflaged near water. (Stealth+)))
You have tentacles for arms and can constrict up to eight enemies at once.


Message History

Your Shields skill increases to level 5!
You have reached level 4!
You start resting.
You start resting.
You start resting.
You start resting.
You start resting.
You open the door.
Found 14 gold pieces and 2 potions of mutation.
There is an open door here.
You now have 12 gold pieces (gained 3).
j - a scroll labelled POL ELAROW EJUA;
k - a scroll of identify
l - 2 potions of flight
Things that are here:
a potion of mutation; 2 potions of mutation
j - 2 scrolls labelled POL ELAROW EJUA (gained 1)
k - 3 scrolls of identify (gained 2);
l - 3 potions of flight (gained 1)
l - 5 potions of flight (gained 2)
You see here a potion of mutation.
You now have 23 gold pieces (gained 11).
There is an open door here.
You open the door.
A water elemental comes into view.
You feel very mighty all of a sudden.
There is an open door to the Ecumenical Temple here.
The helpless water elemental fails to defend itself.
You slash the water elemental! You squeeze the water elemental!
The water elemental is almost destroyed.
The water elemental hits you!
The water elemental engulfs you in water!
The water elemental hits you!
* * * LOW HITPOINT WARNING * * *
Press: ? - help, v - describe, . - travel
Here: a water elemental (almost destroyed)
A fountain of clear blue water.
You barely miss the water elemental.
The water elemental is almost destroyed.
The water elemental hits you!!
Ouch! That really hurt!
You die...

▓▓▓▓▓▓▓▓▓▓ ▓▓▓
#!.'...♣.♣ ♣.#
#!.#.....♣♣ ♣♣.#
####....♣.♣ ♣..#
...#....≈♣♣♣♣..###+#+###
...#...≈≈.♣....#........
...#..≈≈≈≈.♣...'@E......
##'#..≈≈≈≈≈≈.♣.#...#####
..)#.≈≈≈≈≈≈....#.⌠.#
...#.≈≈≈≈≈.....#...#
...#.≈≈≈.......#+###
####...........#
...............#
▓▓▓▓▓▓▓▓▓▓▓▓▓▓▓▓


You could see a water elemental.

Vanquished Creatures
  Jessica (D)
  A human (D)
  A wolf (D)
  An endoplasm (D)
  2 rats (D)
6 creatures vanquished.

Notes
Turn   | Place    | Note
-------+----------+-------------------------------------------
     0 | D        | Zeld the Octopode Fighter began the quest for the Orb.
     0 | D        | Reached XP level 1. HP: 16/16 MP: 1/1
   140 | D        | Noticed Jessica
   144 | D        | Killed Jessica
   145 | D        | Reached XP level 2. HP: 19/23 MP: 2/2
   145 | D        | Reached XP level 3. HP: 22/27 MP: 3/3
   216 | D        | Reached skill level 5 in Fighting
   268 | D        | Reached skill level 5 in Shields
   268 | D        | Reached XP level 4. HP: 20/35 MP: 4/4
   395 | D        | Noticed a water elemental
   400 | D        | Mangled by a water elemental

Illustrated notes

Levels and vault maps discovered:
D:        dungeon_sprint_mu [sprint_mu_entry_forest, sprint_mu_temple_rooms,
          sprint_mu_d1_spiders, sprint_mu_d2_genie, sprint_mu_d3_branching,
          sprint_mu_orc_legion, sprint_mu_elf_gauntlet, sprint_mu_hive_nellie,
          sprint_mu_lair_fedhas, sprint_mu_vaults_butterflies,
          sprint_mu_slime_circle, sprint_mu_shoals_kraken,
          sprint_mu_snake_twists, sprint_mu_blade_basic,
          sprint_mu_crypt_fortress, sprint_mu_tomb_spiral,
          sprint_mu_vestibule_basic, sprint_mu_gehenna_hellfire,
          sprint_mu_dis_giant, sprint_mu_tartarus_statrot,
          sprint_mu_cocytus_islands, sprint_mu_zot1]

Skill      XL: |  1  2  3 |
---------------+----------+-----
Fighting       | 4 5 |  5.2
Axes           | 3 4 |  4.7
Shields        | 4 5 |  5.2
Dodging        | |  3.0

Action                   |  1- 3 |  4- 6 || total
-------------------------+-------+-------++-------
Melee: War axe           |    17 |     2 ||    19
       Tentacles         |     3 |     1 ||     4
       Constrict         |     3 |       ||     3
  Use: Potion            |     1 |     1 ||     2
 Stab: Sleeping          |     2 |     1 ||     3
Dodge: Dodged            |    10 |       ||    10
Block: Kite shield       |     6 |       ||     6

Table legend: (Time is in decaauts)
 A = Elapsed time spent in this place.
 B = Non-inter-level travel time spent in this place.
 C = Inter-level travel time spent in this place.
 D = Time resting spent in this place.
 E = Time spent auto-exploring this place.
 F = Levels seen in this place.
 G = Mean time per level.
                   A        B        C        D        E       F      G
               +--------+--------+--------+--------+--------+-----+--------+
         Total |    409 |    409 |      0 |    299 |      0 |   1 |  409.0 |
       Dungeon |    409 |    409 |      0 |    299 |      0 |   1 |  409.0 |
               +--------+--------+--------+--------+--------+-----+--------+

Top non-repeatable levels by time:
       D: 409 daAuts
